| TOP OF THE 1ST |
|
San Diego Padres batting - Pitching for Philadelphia Phillies : RHP Matt Evans
|
|
Pitching: RHP Matt Evans
|
|
|
Batting: RHB Hildo Pot
|
0-0: Ball 1-0: Ball 2-0: Ground out 4-3 (Groundball, 34D, EV 101.2 MPH)
|
|
Batting: SHB Phil Zacharia
|
0-0: SOLO HOME RUN (Flyball, 7LD, EV 98.8 MPH), Distance : 373 ft
|
|
Batting: RHB Hugo Bautista
|
0-0: Ball 1-0: Foul Ball, location: 2F 1-1: Ground out U3 (Groundball, 3L, EV 78.1 MPH)
|
|
Batting: LHB Mike Holt
|
0-0: Swinging Strike 0-1: Called Strike 0-2: SINGLE (Groundball, 6, EV 103.1 MPH)
|
|
Batting: RHB C.J. Beavers
|
0-0: Called Strike 0-1: Ball 1-1: Ball 2-1: Called Strike 2-2: Foul Ball, location: 2F 2-2: Strikes out swinging
|
| Top of the 1st over - 1 run, 2 hits, 0 errors, 1 left on base; San Diego 1 - Philadelphia 0 |
| BOTTOM OF THE 1ST |
|
Philadelphia Phillies batting - Pitching for San Diego Padres : RHP Isaac Spikes
|
|
Pitching: RHP Isaac Spikes
|
|
|
Batting: LHB Osamu Kubo
|
0-0: Called Strike 0-1: Called Strike 0-2: Strikes out swinging
|
|
Batting: LHB Chris Moody
|
0-0: Ball 1-0: Ball 2-0: Ground out 6-3 (Groundball, 6M, EV 103.8 MPH)
|
|
Batting: SHB Lance Franklin
|
0-0: Called Strike 0-1: Swinging Strike 0-2: Strikes out swinging
|
| Bottom of the 1st over - 0 runs, 0 hits, 0 errors, 0 left on base; San Diego 1 - Philadelphia 0 |
| TOP OF THE 2ND |
|
San Diego Padres batting - Pitching for Philadelphia Phillies : RHP Matt Evans
|
|
Batting: RHB Kaeo Zirpoli
|
0-0: Called Strike 0-1: DOUBLE (Line Drive, 78D, EV 108.1 MPH)
|
|
Batting: RHB Luis Torres
|
0-0: Ground out 4-3 (Groundball, 4M, EV 101.9 MPH) Kaeo Zirpoli to third
|
|
Batting: LHB Chad Cutler
|
0-0: Ball 1-0: Ball 2-0: Ball 3-0: DOUBLE (Line Drive, 89M, EV 86.2 MPH) Kaeo Zirpoli scores
|
|
Batting: RHB Billy Crookston
|
0-0: DOUBLE (Flyball, 8LXD, EV 95.0 MPH) Chad Cutler scores
|
|
Batting: RHB Hildo Pot
|
0-0: Fly out, F9 (Flyball, 9LD, EV 80.6 MPH) Runner from 2nd tags up, SAFE at 3rd with throw by RF
|
|
Batting: SHB Phil Zacharia
|
0-0: Called Strike 0-1: Swinging Strike 0-2: Strikes out swinging
|
| Top of the 2nd over - 2 runs, 3 hits, 0 errors, 1 left on base; San Diego 3 - Philadelphia 0 |
| BOTTOM OF THE 2ND |
|
Philadelphia Phillies batting - Pitching for San Diego Padres : RHP Isaac Spikes
|
|
Batting: RHB Chef Belew
|
0-0: Ball 1-0: Swinging Strike 1-1: Ground out 5-3 (Groundball, 56S, EV 88.1 MPH)
|
|
Batting: LHB Jose Carlos
|
0-0: Ball 1-0: SINGLE (Line Drive, 6D, EV 95.0 MPH)
|
|
Batting: SHB Phuck II
|
0-0: Called Strike 0-1: Called Strike 0-2: Ball 1-2: Ball 2-2: Ball 3-2: Foul Ball, location: 2F 3-2: Strikes out swinging Jose Carlos is caught stealing 2nd base 2-6 Batter strikes out.
|
| Bottom of the 2nd over - 0 runs, 1 hit, 0 errors, 0 left on base; San Diego 3 - Philadelphia 0 |
| TOP OF THE 3RD |
|
San Diego Padres batting - Pitching for Philadelphia Phillies : RHP Matt Evans
|
|
Batting: RHB Hugo Bautista
|
0-0: Swinging Strike 0-1: Foul Ball, location: 2F 0-2: Fly out, F2 (Popup, 5SF, EV 69.4 MPH)
|
|
Batting: LHB Mike Holt
|
0-0: Ball 1-0: Called Strike 1-1: Ball 2-1: Ball 3-1: Foul Ball, location: 2F 3-2: Base on Balls
|
|
Batting: RHB C.J. Beavers
|
0-0: SINGLE (Groundball, 13, EV 90.6 MPH) (infield hit) Mike Holt to second
|
|
Batting: RHB Kaeo Zirpoli
|
0-0: Called Strike 0-1: Ball 1-1: Grounds into double play, 5-4-3 (Groundball, 56S, EV 85.0 MPH)
|
| Top of the 3rd over - 0 runs, 1 hit, 0 errors, 1 left on base; San Diego 3 - Philadelphia 0 |
| BOTTOM OF THE 3RD |
|
Philadelphia Phillies batting - Pitching for San Diego Padres : RHP Isaac Spikes
|
|
Batting: LHB Mike Davis
|
0-0: Foul Ball, location: 2F 0-1: Ball 1-1: Hit by Pitch
|
|
Batting: RHB Josh Hensley
|
0-0: Swinging Strike 0-1: Ball 1-1: Swinging Strike 1-2: Ball 2-2: Ball Pickoff Throw to First - Out! 1-3 3-2: Foul Ball, location: 2F 3-2: Strikes out swinging
|
|
Batting: RHB Chris Myers
|
0-0: Called Strike 0-1: Ball 1-1: Swinging Strike 1-2: Ball 2-2: Foul Ball, location: 2F 2-2: Ball 3-2: Strikes out looking
|
| Bottom of the 3rd over - 0 runs, 0 hits, 0 errors, 0 left on base; San Diego 3 - Philadelphia 0 |
| TOP OF THE 4TH |
|
San Diego Padres batting - Pitching for Philadelphia Phillies : RHP Matt Evans
|
|
Batting: RHB Luis Torres
|
0-0: Ball 1-0: Foul Ball, location: 2F 1-1: Ground out 6-3 (Groundball, 6D, EV 103.8 MPH)
|
|
Batting: LHB Chad Cutler
|
0-0: SINGLE (Line Drive, 7S, EV 105.0 MPH)
|
|
Batting: RHB Billy Crookston
|
0-0: Ball 1-0: Ball 2-0: Called Strike 2-1: Ball 3-1: Foul Ball, location: 2F 3-2: Foul Ball, location: 2F 3-2: Strikes out looking
|
|
Batting: RHB Hildo Pot
|
0-0: Ball 1-0: SINGLE (Flyball, 89S, EV 91.2 MPH) Chad Cutler to second
|
|
Batting: RHB Travis Robinson
|
0-0: Ball 1-0: Ball 2-0: Ball 3-0: Foul Ball, location: 2F 3-1: Foul Ball, location: 2F 3-2: Foul Ball, location: 2F 3-2: Ground out 3-1 (Groundball, 34, EV 107.5 MPH)
|
| Top of the 4th over - 0 runs, 2 hits, 0 errors, 2 left on base; San Diego 3 - Philadelphia 0 |
| BOTTOM OF THE 4TH |
|
Philadelphia Phillies batting - Pitching for San Diego Padres : RHP Isaac Spikes
|
|
Batting: LHB Osamu Kubo
|
0-0: Fly out, F8 (Line Drive, 8RM, EV 95.0 MPH)
|
|
Batting: LHB Chris Moody
|
0-0: Fly out, F8 (Flyball, 8RXD, EV 105.0 MPH)
|
|
Batting: SHB Lance Franklin
|
0-0: Ball 1-0: Ball 2-0: Ball 3-0: Base on Balls
|
|
Batting: RHB Chef Belew
|
0-0: Ball 1-0: Called Strike Lance Franklin steals 2nd base 1-1: Fly out, F2 (Popup, 2LF, EV 88.8 MPH)
|
| Bottom of the 4th over - 0 runs, 0 hits, 0 errors, 1 left on base; San Diego 3 - Philadelphia 0 |
| TOP OF THE 5TH |
|
San Diego Padres batting - Pitching for Philadelphia Phillies : RHP Matt Evans
|
|
Now at SS: Benjamin Brown
|
|
|
Now in LF: Moritake Fukumoto
|
|
|
Pinch Hitting: RHB Brian DeVoe
|
0-0: Foul Ball, location: 2F 0-1: Ground out 5-3 (Groundball, 5, EV 83.8 MPH)
|
|
Pinch Hitting: RHB Wally Cangro
|
0-0: Ball 1-0: Called Strike 1-1: Fly out, F8 (Flyball, 89D, EV 85.0 MPH)
|
|
Batting: RHB C.J. Beavers
|
0-0: Ball 1-0: DOUBLE (Line Drive, 9LS, EV 95.0 MPH)
|
|
Batting: RHB Kaeo Zirpoli
|
0-0: Ball 1-0: Ball 2-0: Fly out, F7 (Flyball, 7D, EV 90.0 MPH)
|
| Top of the 5th over - 0 runs, 1 hit, 0 errors, 1 left on base; San Diego 3 - Philadelphia 0 |
| BOTTOM OF THE 5TH |
|
Philadelphia Phillies batting - Pitching for San Diego Padres : RHP Isaac Spikes
|
|
Now at 1B: Hugo MacBeth
|
|
|
Now at 2B: Brian DeVoe
|
|
|
Now at 3B: Mike MacLeod
|
|
|
Now in LF: Carlos Cuellar
|
|
|
Now in RF: Wally Cangro
|
|
|
Batting: LHB Jose Carlos
|
0-0: Ball 1-0: Ball 2-0: Called Strike 2-1: Ball 3-1: Ground out 5-3 (Groundball, 5D, EV 84.4 MPH)
|
|
DELAY
|
Rain delay of 31 minutes in the 5th inning.
|
|
Batting: SHB Phuck II
|
0-0: Ball 1-0: Called Strike 1-1: Called Strike 1-2: Ground out 6-3 (Groundball, 4MD, EV 86.9 MPH)
|
|
Batting: LHB Mike Davis
|
0-0: Called Strike 0-1: Fly out, F8 (Line Drive, 8LD, EV 107.5 MPH)
|
| Bottom of the 5th over - 0 runs, 0 hits, 0 errors, 0 left on base; San Diego 3 - Philadelphia 0 |
| TOP OF THE 6TH |
|
San Diego Padres batting - Pitching for Philadelphia Phillies : RHP Matt Evans
|
|
Pitching: RHP Josh Cornishen
|
|
|
Now at 1B: Quintin Parker
|
|
|
Pinch Hitting: RHB Jaden Scott
|
0-0: Ball 1-0: Foul Ball, location: 2F 1-1: Called Strike 1-2: Strikes out swinging
|
|
Batting: LHB Carlos Cuellar
|
0-0: Swinging Strike 0-1: Called Strike 0-2: Ball 1-2: Strikes out swinging
|
|
Batting: RHB Billy Crookston
|
0-0: Foul Ball, location: 2F 0-1: Foul Ball, location: 2F 0-2: Strikes out swinging
|
| Top of the 6th over - 0 runs, 0 hits, 0 errors, 0 left on base; San Diego 3 - Philadelphia 0 |
| BOTTOM OF THE 6TH |
|
Philadelphia Phillies batting - Pitching for San Diego Padres : RHP Isaac Spikes
|
|
Now at 2B: Jaden Scott
|
|
|
Now at SS: Brian DeVoe
|
|
|
Now in CF: Wally Cangro
|
|
|
Now in RF: Isaiah Scates
|
|
|
Batting: RHB Josh Hensley
|
0-0: Called Strike 0-1: Foul Ball, location: 2F 0-2: Ball 1-2: Ground out 5-3 (Groundball, 56, EV 101.9 MPH)
|
|
Batting: RHB Chris Myers
|
0-0: SINGLE (Groundball, 56D, EV 108.8 MPH)
|
|
Batting: RHB Moritake Fukumoto
|
0-0: Ball 1-0: Ball 2-0: Ball 3-0: Called Strike 3-1: Swinging Strike 3-2: Strikes out swinging
|
|
Pitching: LHP Jim Turan
|
|
|
Pinch Hitting: LHB Ryan Trombley
|
0-0: Foul Ball, location: 2F 0-1: Ball 1-1: Ball 2-1: Ball 3-1: SINGLE (Groundball, 56D, EV 107.5 MPH) Chris Myers to second Runner from 2nd tries for 3rd, OUT! 7-5
|
| Bottom of the 6th over - 0 runs, 2 hits, 0 errors, 1 left on base; San Diego 3 - Philadelphia 0 |
| TOP OF THE 7TH |
|
San Diego Padres batting - Pitching for Philadelphia Phillies : RHP Josh Cornishen
|
|
Pitching: RHP Andy Burchfield
|
|
|
Now at 2B: Nick Canizales
|
|
|
Now at 3B: Guan-pei Gao
|
|
|
Now in CF: Ryan Trombley
|
|
|
Batting: LHB Hugo MacBeth
|
0-0: Called Strike 0-1: Foul Ball, location: 2F 0-2: Strikes out swinging
|
|
Batting: RHB Travis Robinson
|
0-0: Ground out 4-3 (Groundball, 4, EV 86.9 MPH)
|
|
Batting: RHB Brian DeVoe
|
0-0: Ball 1-0: Ball 2-0: Called Strike 2-1: Fly out, F8 (Flyball, 8LS, EV 78.1 MPH)
|
| Top of the 7th over - 0 runs, 0 hits, 0 errors, 0 left on base; San Diego 3 - Philadelphia 0 |
| BOTTOM OF THE 7TH |
|
Philadelphia Phillies batting - Pitching for San Diego Padres : LHP Jim Turan
|
|
Batting: SHB Benjamin Brown
|
0-0: Fly out, F9 (Flyball, 89M, EV 78.8 MPH)
|
|
Batting: RHB Chef Belew
|
0-0: Foul Ball, location: 2F 0-1: Swinging Strike 0-2: Strikes out swinging
|
|
Batting: RHB Mike Hanks
|
0-0: SOLO HOME RUN (Flyball, 9D, EV 96.9 MPH), Distance : 381 ft
|
|
Batting: RHB Quintin Parker
|
0-0: Called Strike 0-1: Swinging Strike 0-2: Strikes out swinging
|
| Bottom of the 7th over - 1 run, 1 hit, 0 errors, 0 left on base; San Diego 3 - Philadelphia 1 |
| TOP OF THE 8TH |
|
San Diego Padres batting - Pitching for Philadelphia Phillies : RHP Andy Burchfield
|
|
Pitching: RHP Ken Tetzlaff
|
|
|
Batting: RHB Wally Cangro
|
0-0: Swinging Strike 0-1: Ball 1-1: Ball 2-1: Ball 3-1: Fly out, F8 (Flyball, 8LM, EV 83.1 MPH)
|
|
Batting: RHB Mike MacLeod
|
0-0: Ball 1-0: Called Strike 1-1: Foul Ball, location: 2F 1-2: Ball 2-2: Fly out, F8 (Flyball, 78M, EV 88.1 MPH)
|
|
Batting: SHB Isaiah Scates
|
0-0: Swinging Strike 0-1: Ball 1-1: Ball 2-1: Foul Ball, location: 2F 2-2: Ball 3-2: Strikes out swinging, 2-3 out at first.
|
| Top of the 8th over - 0 runs, 0 hits, 0 errors, 0 left on base; San Diego 3 - Philadelphia 1 |
| BOTTOM OF THE 8TH |
|
Philadelphia Phillies batting - Pitching for San Diego Padres : LHP Jim Turan
|
|
Pitching: LHP Dae-Jung Cho
|
|
|
Pinch Hitting: LHB Cody Schumacher
|
0-0: Called Strike 0-1: Foul Ball, location: 2F 0-2: Strikes out swinging
|
|
Pinch Hitting: RHB Carlos Morejon
|
0-0: Ball 1-0: Foul Ball, location: 2F 1-1: Ground out 6-3 (Groundball, 6, EV 85.0 MPH)
|
|
Batting: RHB Guan-pei Gao
|
0-0: Ball 1-0: Ball 2-0: SOLO HOME RUN (Line Drive, 7D, EV 111.2 MPH), Distance : 418 ft
|
|
Batting: RHB Moritake Fukumoto
|
0-0: Ground out 4-3 (Groundball, 34, EV 98.8 MPH)
|
| Bottom of the 8th over - 1 run, 1 hit, 0 errors, 0 left on base; San Diego 3 - Philadelphia 2 |
| TOP OF THE 9TH |
|
San Diego Padres batting - Pitching for Philadelphia Phillies : RHP Ken Tetzlaff
|
|
Pitching: LHP Ignacio Amaya
|
|
|
Now at 2B: Carlos Morejon
|
|
|
Now in CF: Cody Schumacher
|
|
|
Now in RF: Ryan Trombley
|
|
|
Batting: RHB Jaden Scott
|
0-0: Ball 1-0: Ground out 6-3 (Groundball, 6S, EV 60.6 MPH)
|
|
Batting: LHB Carlos Cuellar
|
0-0: Ground out U3 (Groundball, 34, EV 76.9 MPH)
|
|
Pinch Hitting: LHB Rich Atterberry
|
0-0: Ground out 6-3 (Groundball, 6, EV 85.6 MPH)
|
| Top of the 9th over - 0 runs, 0 hits, 0 errors, 0 left on base; San Diego 3 - Philadelphia 2 |
| BOTTOM OF THE 9TH |
|
Philadelphia Phillies batting - Pitching for San Diego Padres : LHP Dae-Jung Cho
|
|
Pitching: RHP Carlos Sepulveda
|
|
|
Now at C: Rich Atterberry
|
|
|
Batting: LHB Ryan Trombley
|
0-0: Called Strike 0-1: Ball 1-1: SINGLE (Groundball, 25, EV 68.8 MPH) (infield hit)
|
|
Batting: SHB Benjamin Brown
|
0-0: Ball 1-0: Ball 2-0: Ball 3-0: Called Strike 3-1: Called Strike 3-2: Base on Balls Ryan Trombley to second
|
|
Pinch Hitting: LHB Brad Turner
|
0-0: Foul Ball, location: 2F 0-1: Ball 1-1: Fly out, F9 (Flyball, 9LD, EV 85.0 MPH) Runner from 2nd tags up, SAFE at 3rd, no throw by RF
|
|
Batting: LHB Danny Hill
|
0-0: SINGLE (Groundball, 4D, EV 101.2 MPH) Ryan Trombley scores Benjamin Brown to second Runner from 2nd tries for 3rd, OUT after rundown.
|
|
Batting: RHB Quintin Parker
|
0-0: Called Strike 0-1: SINGLE (Groundball, 34D, EV 95.0 MPH) Danny Hill to second Runner from 2nd tries for 3rd, SAFE, throw by RF made to third Quintin Parker to second
|
|
Batting: LHB Cody Schumacher
|
0-0: Called Strike 0-1: Called Strike 0-2: Ground out 4-3 (Groundball, 4, EV 85.0 MPH)
|
| Bottom of the 9th over - 1 run, 3 hits, 0 errors, 2 left on base; San Diego 3 - Philadelphia 3 |
| TOP OF THE 10TH |
|
San Diego Padres batting - Pitching for Philadelphia Phillies : LHP Ignacio Amaya
|
|
Pitching: RHP Victor Hurtado
|
|
|
Now at C: Brad Turner
|
|
|
Batting: LHB Hugo MacBeth
|
0-0: Ball 1-0: Called Strike 1-1: Ball 2-1: Called Strike 2-2: Ball 3-2: Foul Ball, location: 2F 3-2: DOUBLE (Line Drive, 89D, EV 104.4 MPH)
|
|
Batting: SHB Terry Tuckfard
|
0-0: Called Strike 0-1: SINGLE (Groundball, 56D, EV 105.6 MPH) Hugo MacBeth to third Runner from 3rd tries for Home, SAFE, throw by LF to home Terry Tuckfard to second
|
|
Batting: RHB Brian DeVoe
|
0-0: Ball 1-0: Called Strike 1-1: Called Strike 1-2: Ball 2-2: Strikes out swinging
|
|
Batting: RHB Wally Cangro
|
0-0: Ball 1-0: Foul Ball, location: 2F 1-1: Swinging Strike 1-2: Ball 2-2: Foul Ball, location: 2F 2-2: Fly out, F9 (Flyball, 89D, EV 111.9 MPH)
|
|
Batting: RHB Mike MacLeod
|
0-0: Ball 1-0: Swinging Strike 1-1: Ball 2-1: Called Strike Terry Tuckfard is caught stealing 3rd base 2-5
|
| Top of the 10th over - 1 run, 2 hits, 0 errors, 0 left on base; San Diego 4 - Philadelphia 3 |
| BOTTOM OF THE 10TH |
|
Philadelphia Phillies batting - Pitching for San Diego Padres : RHP Carlos Sepulveda
|
|
Pitching: RHP Chris Pisor
|
|
|
Pinch Hitting: LHB Josh George
|
0-0: Ball 1-0: Ground out 4-3 (Groundball, 34D, EV 99.4 MPH)
|
|
Pinch Hitting: LHB Jim Beaver
|
0-0: Ball 1-0: Called Strike 1-1: Swinging Strike 1-2: Strikes out swinging
|
|
Pinch Hitting: RHB Alberto Ramirez
|
0-0: Ball 1-0: Ball 2-0: Fly out, F4 (Popup, 34, EV 71.9 MPH)
|
| Bottom of the 10th over - 0 runs, 0 hits, 0 errors, 0 left on base; San Diego 4 - Philadelphia 3 |
|